 Dungeon Crawl Stone Soup version 0.19.0 (webtiles) character file.

20440 nikopol the Cleaver (level 12, -2/168 HPs)
             Began as a Hill Orc Berserker on Nov 1, 2016.
             Was a High Priest of Trog.
             Slain by a minotaur
             ... wielding a +0 glaive
              (10 damage)
             ... in a labyrinth.
             The game lasted 00:48:40 (14332 turns).

nikopol the Cleaver (Hill Orc Berserker)           Turns: 14332, Time: 00:48:40

Health: -2/168     AC: 17    Str: 27    XL:     12   Next: 79%
Magic:  12/12      EV: 15    Int:  7    God:    Trog [*****.]
Gold:   735        SH:  0    Dex: 13    Spells: 0 memorised, 11 levels left

rFire  . . .     SeeInvis .     a - +3 war axe
rCold  + . .     Gourm    .     G - +3 scale mail {rC+}
rNeg   . . .     Faith    .     (no shield)
rPois  .         Spirit   .     T - +2 helmet
rElec  .         Reflect  .     s - +1 cloak
rCorr  +         Harm     .     (no gloves)
MR     ++...     Clarity  +     (no boots)
Stlth  ..........               u - amulet of regeneration
                                J - ring of resist corrosion
                                H - ring of protection from magic

@: berserking, very quick
A: talons 1, clarity, magic resistance 1
a: Berserk, Trog's Hand, Brothers in Arms, Burn Spellbooks, Renounce Religion


You were in a labyrinth.
You worshipped Trog.
Trog was extremely pleased with you.
You were not hungry.

You visited 2 branches of the dungeon, and saw 13 of its levels.
You also visited: Labyrinth and Ossuary.

You collected 735 gold pieces.

Inventory:

Hand Weapons
 a - a +3 war axe (weapon)
 z - a +0 shortbow
 B - a +6 battleaxe of freezing
Missiles
 o - 78 arrows (quivered)
Armour
 p - a +2 chain mail of fire resistance
 s - a +1 cloak (worn)
 G - a +3 scale mail of cold resistance (worn)
 T - a +2 helmet (worn)
Jewellery
 u - an amulet of regeneration (around neck)
 y - an uncursed ring of positive energy {unknown}
 H - a ring of protection from magic (left hand)
 J - a ring of resist corrosion (right hand)
 P - a cursed ring of teleportation {unknown}
Wands
 b - a wand of digging (11/24)
 e - a wand of slowing (19/48)
 i - a wand of paralysis (13/24)
 S - a wand of heal wounds (4/9)
 U - a wand of hasting (6/9)
Scrolls
 d - 2 scrolls of recharging
 g - 2 scrolls of identify
 k - 4 scrolls of teleportation
 l - 5 scrolls of fear
 r - 4 scrolls of remove curse
 t - 2 scrolls of magic mapping
 C - a scroll of brand weapon {unknown}
 D - 4 scrolls of enchant armour
 E - a scroll of enchant weapon
 F - a scroll of silence {unknown}
 R - 4 scrolls of blinking
Potions
 f - 4 potions of brilliance
 h - a potion of haste {unknown}
 j - a potion of ambrosia {unknown}
 m - 3 potions of curing
 n - a potion of cancellation {unknown}
 q - a potion of flight {unknown}
 v - 3 potions of heal wounds
 x - a potion of agility {unknown}
 A - a potion of might {unknown}
Books
 I - a book of Ice

   Spells                             Type                      Level
   a - Ice Form                       Ice/Transmutation            4
   b - Metabolic Englaciation         Hexes/Ice                    5
   c - Ozocubu's Refrigeration        Ice                          6
   d - Bolt of Cold                   Conjuration/Ice              6
   e - Freezing Cloud                 Conjuration/Ice/Air          6
   f - Simulacrum                     Ice/Necromancy               6
   Trog disapproves of the use of such an item.
Comestibles
 c - 4 bread rations
 L - 4 meat rations
 N - a slice of pizza


   Skills:
 + Level 11.9 Fighting
 * Level 13.9 Axes
 * Level 7.0 Bows
 + Level 10.5 Armour
 + Level 7.9 Dodging


You had 11 spell levels left.
You didn't know any spells.

Dungeon Overview and Level Annotations

Branches:
Dungeon (9/15)             Temple (0/1) D:6            Lair (4/6) D:8
 Shoals (0/4) Lair:2        Snake (0/4) Lair:2
    Orc: D:9-12

Altars:
Dithmenos
Gozag
Makhleb
Okawaru
Qazlal
Ru
Yredelemnul
The Shining One

Shops:
D:8 [:


Innate Abilities, Weirdness & Mutations

You have sharp toenails.
You possess an exceptional clarity of mind.
You are resistant to hostile enchantments. (MR+)


Message History

The minotaur is lightly wounded.
You're too hungry.
You start eating one of the 5 bread rations.
The minotaur hits you with an uncursed glaive!!
Keep eating?
The minotaur gores you but does no damage.
You continue eating.
The minotaur hits you with an uncursed glaive!!
The minotaur gores you.
You continue eating.
The minotaur hits you with an uncursed glaive!!
* * * LOW HITPOINT WARNING * * *
The minotaur gores you but does no damage.
You finish eating.
That bread ration really hit the spot!
You don't know any spells.
You don't know any spells.
A red film seems to cover your vision as you go berserk!
You feel yourself moving faster!
You feel mighty!
You feel a lot more hungry. The minotaur completely misses you.
The minotaur gores you!
You die...

# ## . . #.. # .
## # # ### #. ..#
.. # . #########
#.#
.#8|8:8.8#...# ##
.#
#.#<....H@((#####
. .#
..#8[8=8.8#.....#
## .#
#.#########..##.#
. . #. ..
......#.....# #
###.
.###.#.#####.###
#. ...#. .#... .#
.. # . ## #.###
#.#.# .# .#. ....
# # #. . # . ## #
#.#.#


You could see a minotaur.

Vanquished Creatures
  A hydra (Lair:2)
  Sonja (Lair:2)
  Pikel (D:7)
  Maurice (D:8)
  6 elephants (Lair:2)
  4 black mambas
  Joseph (D:8)
  A gargoyle (Lab)
  A torpor snail (Lair:3)
  2 spiny frogs
  A rime drake (Lair:3)
  4 komodo dragons
  A troll (D:8)
  2 hippogriffs
  8 blink frogs
  Sigmund (D:2)
  2 shadows (Lab)
  Eustachio (D:5)
  8 yaks
  A basilisk (Lair:1)
  Grum (D:8)
  Edmund (D:5)
  5 nagas (Lair:2)
  10 water moccasins
  5 porcupines
  3 ice beasts
  4 orc warriors
  3 sky beasts
  3 ogres
  An eye of draining (D:9)
  9 wolves
  2 phantoms
  2 centaurs (D:8)
  2 crocodiles
  12 bullfrogs
  An earth elemental (Lab)
  A scorpion (D:7)
  10 wights
  4 howler monkeys
  7 crimson imps
  A centaur zombie (Ossuary)
  A quasit (D:7)
  A bullfrog zombie (D:8)
  8 hounds
  Crazy Yiuf (D:2)
  9 orc priests
  9 orc wizards
  2 iguanas (D:5)
  Jessica (D:2)
  Ijyb (D:3)
  Terence (D:2)
  7 worker ants
  A hound zombie (D:5)
  4 mummies (Ossuary)
  A howler monkey zombie (D:5)
  4 gnolls
  4 river rats (D:8)
  6 adders
  2 shadow imps
  2 oozes (D:1)
  A worm (D:2)
  4 dart slugs
  6 leopard geckos
  35 orcs
  4 giant cockroaches
  2 gnoll zombies (Ossuary)
  9 goblins
  5 hobgoblins
  15 jackals
  6 kobolds
  4 quokkas
  A ball python (D:3)
  11 bats
  7 frilled lizards
  A goblin skeleton (D:7)
  A goblin zombie (D:7)
  3 hobgoblin zombies (D:7)
  A jackal skeleton (D:6)
  7 kobold zombies
  2 orc skeletons (D:7)
  4 orc zombies
  2 quokka skeletons
  14 rats
  13 fungi
  5 plants
363 creatures vanquished.

Vanquished Creatures (collateral kills)
  A spiny frog (Lair:2)
  A troll (D:8)
  A crimson imp (D:8)
  A worker ant (D:8)
4 creatures vanquished.

Vanquished Creatures (others)
  A sky beast (D:7)
  2 fungi
  6 plants (D:8)
9 creatures vanquished.

Grand Total: 376 creatures vanquished

Notes
Turn   | Place    | Note
-------+----------+-------------------------------------------
     0 | D:1      | nikopol the Hill Orc Berserker began the quest for the Orb.
     0 | D:1      | Reached XP level 1. HP: 19/19 MP: 1/1
   316 | D:1      | Reached XP level 2. HP: 24/27 MP: 2/2
   626 | D:1      | Reached XP level 3. HP: 33/33 MP: 3/3
  1410 | D:1      | Reached ** piety under Trog
  1474 | D:1      | Reached skill level 5 in Axes
  1474 | D:1      | Reached XP level 4. HP: 32/40 MP: 4/4
  1754 | D:2      | Noticed Terence
  1762 | D:2      | Killed Terence
  1988 | D:2      | Found a runed door.
  2011 | D:2      | Noticed Jessica
  2019 | D:2      | Killed Jessica
  2019 | D:2      | Reached XP level 5. HP: 39/47 MP: 5/5
  2299 | D:2      | Noticed Crazy Yiuf
  2303 | D:2      | Killed Crazy Yiuf
  2546 | D:2      | Found a burning altar of Makhleb.
  2610 | D:2      | Noticed Sigmund
  2619 | D:2      | Killed Sigmund
  2619 | D:2      | Reached skill level 5 in Fighting
  2619 | D:2      | Reached XP level 6. HP: 56/56 MP: 6/6
  3008 | D:3      | Noticed a phantom
  3061 | D:3      | Killed a phantom
  3061 | D:3      | Reached skill level 6 in Axes
  3061 | D:3      | Reached XP level 7. HP: 47/61 MP: 7/7
  3150 | D:3      | Noticed Ijyb
  3158 | D:3      | Killed Ijyb
  3322 | D:3      | Found a shadowy altar of Dithmenos.
  3877 | D:4      | Reached *** piety under Trog
  4511 | D:5      | Entered Level 5 of the Dungeon
  4515 | D:5      | Reached skill level 5 in Armour
  4539 | D:5      | Noticed Edmund
  4589 | D:5      | Killed Edmund
  4589 | D:5      | Reached skill level 7 in Axes
  4589 | D:5      | Reached XP level 8. HP: 71/71 MP: 8/8
  5064 | D:5      | Noticed Eustachio
  5073 | D:5      | Killed Eustachio
  5265 | D:5      | Found a sacrificial altar of Ru.
  5327 | D:6      | Found an iron altar of Okawaru.
  5344 | D:6      | Reached skill level 8 in Axes
  5506 | D:6      | Found a basalt altar of Yredelemnul.
  5566 | D:6      | Found a staircase to the Ecumenical Temple.
  5814 | D:6      | Reached XP level 9. HP: 77/80 MP: 9/9
  5826 | D:6      | Reached **** piety under Trog
  6435 | D:6      | You fall through a shaft for 3 floors!
  6455 | D:9      | Reached skill level 5 in Dodging
  6569 | D:9      | Reached skill level 9 in Axes
  6829 | D:8      | Noticed Grum
  6837 | D:8      | Killed Grum
  6837 | D:8      | HP: 6/124 [wolf[Grum] (7)]
  6966 | D:8      | Found Tixzab's Book Emporium.
  6973 | D:8      | Noticed Maurice
  6996 | D:8      | Killed Maurice
  6996 | D:8      | Reached skill level 10 in Axes
  6996 | D:8      | Reached XP level 10. HP: 64/91 MP: 10/10
  7057 | D:8      | Found a sand-covered staircase.
  7061 | Ossuary  | Entered an ossuary
  7229 | Ossuary  | Received a gift from Trog
  7345 | D:8      | Reached ***** piety under Trog
  7598 | D:7      | Noticed Pikel
  7617 | D:7      | Killed Pikel
  7667 | D:7      | Found an opulent altar of Gozag.
  7812 | D:7      | Found a glowing golden altar of the Shining One.
  7835 | D:7      | Received a gift from Trog
  8174 | D:7      | Found a stormy altar of Qazlal.
  8411 | D:8      | Reached skill level 10 in Fighting
  8519 | D:8      | Gained mutation: You have sharp toenails. [potion of beneficial mutation]
  8521 | D:8      | Gained mutation: You possess an exceptional clarity of mind. [potion of beneficial mutation]
  8523 | D:8      | Gained mutation: You are resistant to hostile enchantments. (MR+) [potion of beneficial mutation]
  8620 | D:8      | Received a gift from Trog
  8629 | D:8      | Reached skill level 11 in Axes
  8773 | D:8      | Noticed Joseph
  8785 | D:8      | Killed Joseph
  8785 | D:8      | Reached skill level 1 in Bows
  9121 | D:8      | Reached XP level 11. HP: 101/101 MP: 11/11
  9218 | D:8      | Found Peantemi's Armour Shop.
  9255 | D:8      | Found a staircase to the Lair.
  9808 | Lair:1   | Entered Level 1 of the Lair of Beasts
 10080 | Lair:1   | Reached skill level 12 in Axes
 10730 | Lair:2   | Found a staircase to the Shoals.
 10791 | Lair:2   | Received a gift from Trog
 10966 | Lair:2   | Found a staircase to the Snake Pit.
 11107 | Lair:2   | Noticed Sonja
 11133 | Lair:2   | HP: 4/102 [poisoned by Sonja]
 11134 | Lair:2   | HP: 1/102 [poisoned by Sonja]
 11144 | Lair:2   | Killed Sonja
 11279 | Lair:2   | Noticed a six-headed hydra
 11288 | Lair:2   | Killed a ten-headed hydra
 11288 | Lair:2   | Reached XP level 12. HP: 83/110 MP: 12/12
 11413 | Lair:2   | Reached skill level 5 in Bows
 11413 | Lair:2   | Reached skill level 10 in Armour
 11428 | Lair:2   | Reached skill level 13 in Axes
 13275 | Lair:4   | Found a labyrinth entrance.
 13285 | Lab      | Entered a labyrinth
 14323 | Lab      | Noticed a minotaur
 14331 | Lab      | HP: 5/112 [minotaur/uncursed glaive (33)]
 14332 | Lab      | Slain by a minotaur

Skill      XL: |  1  2  3  4  5  6  7  8  9 10 11 12 |
---------------+-------------------------------------+-----
Fighting       | 4 5 6 7 9 10 11 | 11.9
Axes           | 5 6 7 8 10 11 12 13 | 13.9
Armour         | 3 4 5 6 7 9 10 | 10.5
Dodging        | 2 3 4 5 6 7 |  7.9
Bows           | 1 4 7 |  7.0

Action                   |  1- 3 |  4- 6 |  7- 9 | 10-12 || total
-------------------------+-------+-------+-------+-------++-------
Melee: Hand axe          |   105 |   110 |   117 |       ||   332
       War axe           |       |       |   201 |   758 ||   959
       Kick              |       |       |       |   223 ||   223
 Fire: Shortbow          |       |       |       |    52 ||    52
Invok: Berserk           |       |     2 |     9 |     8 ||    19
       Brothers in Arms  |       |       |       |     2 ||     2
       Burn Spellbooks   |       |       |       |     1 ||     1
  Use: Scroll            |       |       |     8 |    14 ||    22
       Potion            |       |       |       |     6 ||     6
 Stab: Sleeping          |       |       |     1 |       ||     1
  Eat: Chunk             |     2 |     7 |    18 |    25 ||    52
       Beef jerky        |       |       |     1 |       ||     1
       Fruit             |       |       |       |     4 ||     4
       Bread ration      |       |       |       |     1 ||     1
       Pizza             |       |       |       |     1 ||     1
Armor: Animal skin       |     4 |       |       |       ||     4
       Leather armour    |    13 |    28 |    59 |       ||   100
       Scale mail        |       |       |    21 |   328 ||   349
Dodge: Dodged            |    63 |    59 |   216 |   475 ||   813
